 Dungeon Crawl Stone Soup version 0.23.2-33-g5129a83184 (webtiles) character file.

Game seed: 8613163360707568464

192 aoanla the Digger (level 5, -1/28 HPs)
             Began as a Gargoyle Earth Elementalist on July 16, 2019.
             Slain by an orc warrior
             ... wielding a +0 halberd
              (9 damage)
             ... on level 3 of the Dungeon.
             The game lasted 00:33:47 (2534 turns).

aoanla the Digger (Gargoyle Earth Elementalist)     Turns: 2534, Time: 00:33:48

Health: -1/28      AC:  9    Str: 12    XL:     5   Next: 71%
Magic:  1/10       EV: 12    Int: 16    God:
Gold:   108        SH:  0    Dex: 10    Spells: 7/11 levels left

rFire    . . .     SeeInvis .   a - +2 short sword (venom)
rCold    . . .     Gourm    .   (no shield)
rNeg     + + .     Faith    .   w - +0 robe
rPois    ∞         Spirit   .   (no helmet)
rElec    +         Reflect  .   (no cloak)
rCorr    .         Harm     .   (no gloves)
MR       .....                  (no boots)
Stlth    ++........             (no amulet)
HPRegen  0.09/turn              m - ring of positive energy
MPRegen  0.12/turn              q - +3 ring of protection

@: no status effects
A: negative energy resistance 1, electricity resistance, unbreathing,
petrification resistance, rot immunity, AC +4
a: no special abilities


You were on level 3 of the Dungeon.
You were not hungry.

You visited 1 branch of the dungeon, and saw 3 of its levels.

You collected 108 gold pieces.

Inventory:

Hand Weapons
 a - a +2 short sword of venom (weapon)
Missiles
 b - 97 stones (quivered)
 g - 7 tomahawks
 k - a throwing net
Armour
 c - a +0 robe
 r - a +0 buckler
 w - a +0 robe (worn)
Jewellery
 m - a ring of positive energy (left hand)
 q - a +3 ring of protection (right hand)
Wands
 u - a wand of paralysis (11)
Scrolls
 e - a scroll of teleportation {unknown}
 f - 2 scrolls of identify
 n - a scroll of immolation {unknown}
 p - 2 scrolls of remove curse {unknown}
 s - a scroll of magic mapping {unknown}
 v - a scroll of fear {unknown}
 x - a scroll of noise {unknown}
Potions
 h - a potion of lignification {unknown}
 i - a potion of heal wounds {unknown}
 j - a potion of cancellation {unknown}
 l - a potion of curing {unknown}
 o - a potion of berserk rage {unknown}
 t - a potion of brilliance {unknown}
Comestibles
 d - 7 rations
 z - a chunk of flesh


   Skills:
 + Level 0.3 Short Blades
 + Level 2.0 Dodging
 + Level 2.3 Stealth
 * Level 3.7 Spellcasting
   Level 0.7 Transmutations
 * Level 5.6 Earth Magic


You had 7 spell levels left.
You knew the following spells:

 Your Spells              Type           Power        Failure   Level  Hunger
a - Sandblast             Erth           ###...       1%          1    None
b - Stone Arrow           Conj/Erth      ##....       16%         3    ###....

Your spell library contained the following spells:

 Spells                   Type           Power        Failure   Level  Hunger
 Passwall                 Tmut/Erth      ##......     7%          2    ##.....
 Petrify                  Tmut/Erth      ##......     43%         4    ####...
 Lee's Rapid Deconstruct  Erth           ###.......   43%         5    ######.


Dungeon Overview and Level Annotations

Branches:
Dungeon (3/15)

Altars:
Elyvilon
Fedhas
Nemelex Xobeh
Qazlal
Trog
Vehumet
Yredelemnul


Innate Abilities, Weirdness & Mutations

You are resistant to torment.
Your stone body is resilient. (AC +4)
You are immune to poison.
You resist negative energy. (rN+)
You are resistant to electric shocks. (rElec)
You can survive without breathing.
You are immune to petrification.
You are immune to rotting.


Message History

You don't have enough magic to cast that spell.
Casting: Stone Arrow (safe; 16% risk of failure)
Confirm with . or Enter, or press ? or * to list all spells.
Aiming: Sandblast (safe; 1% risk of failure)
Press: ? - help, Shift-Dir - straight line, f/p - orc warrior
Aim: an orc warrior, wielding a +0 halberd and wearing a +0 chain mail (severely wounded)
The blast of sand hits the orc warrior.
The orc warrior is severely wounded.
b - 97 stones Unknown command.
The orc warrior hits you with a +0 halberd.
* * * LOW HITPOINT WARNING * * *
You barely miss the orc warrior.
The orc warrior is severely wounded.
The orc warrior completely misses you.
You hit the orc warrior but do no damage.
The orc warrior is poisoned.
The orc warrior is severely wounded.
The orc warrior hits you with a +0 halberd!
You die...

#...........
#...........
#####'#####+
#.# #.#
#############.#
#.............#
###.###########
#@# . #o# ..
#o#


Soo #.# ...o #.o.o....... ########...... #..<.......... #######....... .......
You could see an orc warrior, an orc wizard and an orc.

Vanquished Creatures
  An orc priest (D:3)
  4 gnolls
  5 adders
  2 worms (D:2)
  A dart slug (D:1)
  A leopard gecko (D:3)
  4 orcs (D:3)
  A ball python (D:3)
  6 bats
  2 giant cockroaches
  8 goblins
  8 hobgoblins
  3 jackals (D:2)
  2 quokkas (D:2)
  6 frilled lizards
  7 kobolds
  8 rats
69 creatures vanquished.

Notes
Turn   | Place    | Note
-------+----------+-------------------------------------------
     0 | D:1      | aoanla the Gargoyle Earth Elementalist began the quest for
                  | the Orb.
     0 | D:1      | Reached XP level 1. HP: 10/10 MP: 3/3
    95 | D:1      | Reached skill level 4 in Earth Magic
   112 | D:1      | Reached XP level 2. HP: 6/15 MP: 1/5
   633 | D:1      | Reached XP level 3. HP: 14/19 MP: 6/6
   638 | D:1      | Learned a level 3 spell: Stone Arrow
   950 | D:2      | Reached XP level 4. HP: 13/24 MP: 8/8
  1210 | D:2      | Reached skill level 5 in Earth Magic
  1499 | D:2      | Reached XP level 5. HP: 28/28 MP: 2/9
  1654 | D:3      | Noticed an orc warrior
  1849 | D:3      | Found a basalt altar of Yredelemnul.
  2062 | D:3      | Found a blossoming altar of Fedhas.
  2062 | D:3      | Found a white marble altar of Elyvilon.
  2062 | D:3      | Found a sparkling altar of Nemelex Xobeh.
  2062 | D:3      | Found a stormy altar of Qazlal.
  2079 | D:3      | Found a radiant altar of Vehumet.
  2089 | D:3      | Found a bloodstained altar of Trog.
  2534 | D:3      | Slain by an orc warrior

Skill      XL: |  1  2  3  4  5 |
---------------+----------------+-----
Earth Magic    | 4 5 |  5.6
Spellcasting   | 3 |  3.7
Dodging        | 2 |  2.0
Short Blades   | |  0.3
Stealth        | |  2.3
Transmutations | |  0.7

Action                   |  1- 3 |  4- 6 || total
-------------------------+-------+-------++-------
Melee: Unarmed           |     8 |       ||     8
       Short sword       |    45 |    60 ||   105
 Cast: Sandblast         |    34 |    30 ||    64
       Stone Arrow       |       |     6 ||     6
  Use: Scroll            |     1 |     1 ||     2
 Stab: Sleeping          |     1 |     2 ||     3
  Eat: Chunk             |     1 |     2 ||     3
       Ration            |       |     1 ||     1
Armor: Robe              |    20 |    33 ||    53
Dodge: Dodged            |    38 |    36 ||    74
